 Seeded DCSS version 0.28.0-62-gf88900778d (webtiles) character file.

Game seed: 13591998346360536447 (custom seed)

39 Psyclone the Conjurer (level 3, 6/25 HPs)
             Began as a Gnoll Conjurer on Oct 29, 2023.
             Quit the game on level 4 of the Dungeon.
             The game lasted 00:00:50 (980 turns).

Psyclone the Conjurer (Gnoll Conjurer)               Turns: 980, Time: 00:00:51

Health: 6/25       AC:  2    Str: 12    XL:     3   Next: 47%
Magic:  1/9        EV: 13    Int: 30    God:
Gold:   2290       SH:  0    Dex: 10    Spells: 9/12 levels left

rFire   + + .      SeeInvis .   (no weapon)
rCold   . . .      Faith    .   (no shield)
rNeg    . . .      Spirit   .   a - +0 robe
rPois   .          Reflect  .   (no helmet)
rElec   +          Harm     .   (no cloak)
rCorr   +          Rampage  .   (no gloves)
Will    .....                   (no boots)
Stlth   ++........              (no amulet)
HPRegen 0.08/turn               b - ring of Autumn {rF++ rCorr Str+6 Int+7}
MPRegen 0.11/turn               (no ring)

@: no status effects
A: fangs 1, strong nose, distributed training, clever 2, electricity resistance,
devolution 1
a: no special abilities


You were on level 4 of the Dungeon.
You visited 1 branch of the dungeon, and saw 4 of its levels.

You collected 2290 gold pieces.

Inventory:

Hand Weapons
 e - a +3 longbow of flaming
Armour
 a - a +0 robe (worn)
Jewellery
 b - the ring of Autumn (left hand) {rF++ rCorr Str+6 Int+7}
   (You acquired it on level 2 of the Dungeon)

   [ring of strength]

   Str:       It affects your strength (+6).
   Int:       It affects your intelligence (+7).
   rF:        It greatly protects you from fire.
   rCorr:     It protects you from acid and corrosion.
Scrolls
 c - a scroll of teleportation {unknown}
 d - a scroll of identify {unknown}


   Skills:
 + Level 0.8 Fighting
 + Level 0.8 Short Blades
 + Level 0.8 Long Blades
 + Level 0.8 Axes
 + Level 0.8 Maces & Flails
 + Level 0.8 Polearms
 + Level 0.8 Staves
 + Level 0.8 Slings
 + Level 0.8 Bows
 + Level 0.8 Crossbows
 + Level 0.8 Throwing
 + Level 0.8 Armour
 + Level 4.5 Dodging
 + Level 4.1 Stealth
 + Level 0.8 Shields
 + Level 0.8 Unarmed Combat
 + Level 5.0 Spellcasting
 + Level 7.1 Conjurations
 + Level 0.5 Hexes
 + Level 0.5 Summonings
 + Level 0.5 Necromancy
 + Level 0.5 Translocations
 + Level 0.5 Transmutations
 + Level 0.5 Fire Magic
 + Level 0.5 Ice Magic
 + Level 0.5 Air Magic
 + Level 0.5 Earth Magic
 + Level 0.5 Poison Magic
 + Level 1.0 Invocations
 + Level 0.8 Evocations


You had 9 spell levels left.
You knew the following spells:

 Your Spells              Type           Power      Damage    Failure   Level
a - Magic Dart            Conj           100%       1d8       1%          1
b - Searing Ray           Conj           100%       2d8       1%          2

Your spell library contained the following spells:

 Spells                   Type           Power      Damage    Failure   Level
 Dazzling Flash           Conj/Hex       60%        N/A       3%          3
 Fulminant Prism          Conj/Hex       15%        3d11      12%         4
 Iskenderun's Mystic Bla  Conj/Tloc      30%        2d8       12%         4


Dungeon Overview and Level Annotations

Branches:
Dungeon (4/15)
 Temple: D:4-7

Altars:
The Shining One


Innate Abilities, Weirdness & Mutations

You have very sharp teeth.
Your uncanny sense of smell can sniff out nearby items.
Your experience applies equally to all skills.
Your mind is very acute. (Int +4)
You are resistant to electric shocks. (rElec)
You have hidden genetic defects.


Message History

The bullfrog skeleton is lightly damaged. (Press . to maintain the ray.)
The bullfrog skeleton closely misses you.
You take 5 damage, and have 4/20 hp.
MASSIVE DAMAGE!!
You now have 5/7 mp.
A bullfrog skeleton is nearby!
The bullfrog skeleton barely misses you.
The bullfrog skeleton closely misses you.
The bullfrog skeleton barely misses you.
The bullfrog skeleton hits you but does no damage.
There is a stone staircase leading down here.
Casting: Searing Ray (safe; 1% risk of failure)
Confirm with . or Enter, or press ? or * to list all spells.
Aiming: Searing Ray (safe; 1% risk of failure)
Press: ? - help, Shift-Dir - straight line, f/p - bullfrog skeleton
Aim: a bullfrog skeleton (lightly damaged, 94% to hit)
The searing ray hits the bullfrog skeleton!
The bullfrog skeleton is heavily damaged. (Press . to maintain the ray.)
The bullfrog skeleton completely misses you.
You now have 3/7 mp.
The searing ray hits the bullfrog skeleton!
The bullfrog skeleton is almost destroyed.
The bullfrog skeleton closely misses you.
You now have 2/7 mp.
The searing ray hits the bullfrog skeleton!
You destroy the bullfrog skeleton!
Your Spellcasting skill increases to level 5!
Your Invocations skill increases to level 1!
You have reached level 3!
Your experience leads to an increase in your attributes!
Your base attributes are Str 6, Int 17, Dex 10.
Increase (S)trength, (I)ntelligence, or (D)exterity?
Uppercase letters only, please.
Uppercase letters only, please.
Uppercase letters only, please.
You feel clever. x2
You now have 1/9 mp.
Unknown command.
Unknown command.
Are you sure you want to abandon this character and quit the game? (Confirm with "yes".)

∆ #.############
#...........@#.#
.###..........#
#..........#
#..#####..##
#..#?[)#..#
#..#[[/#..#
#†.#?$$#..# ∆
#..#####..#
#.........#


There were no monsters in sight!

Vanquished Creatures
  A bullfrog skeleton (D:4)
  A hobgoblin (D:4)
  3 jackals (D:1)
  A kobold (D:1)
  2 ball pythons
  2 rats (D:1)
10 creatures vanquished.

Notes
Turn   | Place    | Note
-------+----------+-------------------------------------------
     0 | D:1      | Psyclone the Gnoll Conjurer began the quest for the Orb.
     0 | D:1      | Reached XP level 1. HP: 13/13 MP: 6/6
   319 | D:2      | Identified a scroll of acquirement
   319 | D:2      | Acquired the ring of Autumn {rF++ rCorr Str+6 Int+7}
   382 | D:1      | Reached XP level 2. HP: 19/19 MP: 5/7
   513 | D:2      | Acquired 1369 gold pieces
   557 | D:2      | Acquired 871 gold pieces
   596 | D:3      | Found a glowing golden altar of the Shining One.
   604 | D:3      | Learned a level 2 spell: Searing Ray
   864 | D:4      | Acquired a +3 longbow of flaming
   892 | D:4      | Gained mutation: Your mind is acute. (Int +2) [potion of
                  | mutation]
   892 | D:4      | Gained mutation: You have hidden genetic defects. [potion
                  | of mutation]
   892 | D:4      | Gained mutation: You are resistant to electric shocks.
                  | (rElec) [potion of mutation]
   892 | D:4      | Gained mutation: Your mind is very acute. (Int +4) [potion
                  | of mutation]
   980 | D:4      | Reached skill level 5 in Spellcasting
   980 | D:4      | Reached skill level 1 in Invocations
   980 | D:4      | Reached XP level 3. HP: 6/25 MP: 1/9
   980 | D:4      | Quit the game

Illustrated notes

Levels and vault maps discovered:
D:1:      wander_arrival_fairy_ring, layout_basic, chequers_serial_rivers_room_a
D:2:      layout_loops_ring, shapermc_ecumenical_altar_venn, uniq_natasha
D:3:      layout_loops_ring, mainiacjoe_overflow_chevrons,
          gammafunk_ghost_arena, hangedman_glass_teeth
D:4:      layout_basic, nicolae_hepliaklqana_monster_ancestors,
          due_unseen_surprise

Skill      XL: |  1  2 |
---------------+-------+-----
Spellcasting   | 5 |  5.0
Invocations    | 1 |  1.0
Fighting       | |  0.8
Short Blades   | |  0.8
Long Blades    | |  0.8
Axes           | |  0.8
Maces & Flails | |  0.8
Polearms       | |  0.8
Staves         | |  0.8
Slings         | |  0.8
Bows           | |  0.8
Crossbows      | |  0.8
Throwing       | |  0.8
Armour         | |  0.8
Dodging        | |  4.5
Stealth        | |  4.1
Shields        | |  0.8
Unarmed Combat | |  0.8
Conjurations   | |  7.1
Hexes          | |  0.5
Summonings     | |  0.5
Necromancy     | |  0.5
Translocations | |  0.5
Transmutations | |  0.5
Fire Magic     | |  0.5
Ice Magic      | |  0.5
Air Magic      | |  0.5
Earth Magic    | |  0.5
Poison Magic   | |  0.5
Evocations     | |  0.8

Action                   || total
-------------------------++-------
Melee: Unarmed           ||     4
 Cast: Magic Dart        ||     8
       Searing Ray       ||     4
  Use: Scroll            ||     4
       Potion            ||     1
Armor: Robe              ||     1
Dodge: Dodged            ||     9
